HSSL
TULSA HS AS @ OVERLAND PARK HS TRIPLETS
04/18/2029
 
TOP OF THE 1ST
Tulsa HS As batting - Pitching for Overland Park HS Triplets : LHP Geoff Weber
Pitching: LHP Geoff Weber
Batting: LHB Matt Clark 0-0: Called Strike
0-1: Swinging Strike
0-2: Ball
1-2: Ball
2-2: Foul Ball, location: 2F
2-2: Strikes out looking
Batting: LHB Mark Wheeler 0-0: Ball
1-0: Foul Ball, location: 2F
1-1: DOUBLE (Line Drive, 9LM)
Batting: RHB Grant Kelly 0-0: Ball
1-0: Ball
2-0: Ball
3-0: Called Strike
3-1: Foul Ball, location: 2F
3-2: Ground out 5-3 (Groundball, 56)
Batting: RHB Ralph Young 0-0: Ball
1-0: Foul Ball, location: 2F
1-1: SINGLE (Line Drive, 34)
Mark Wheeler to third
Batting: SHB José Hernández 0-0: Ball
1-0: Ball
2-0: Called Strike
2-1: 3-RUN HOME RUN (Flyball, 9LD), Distance : 356 ft
Batting: LHB Dave Leclair 0-0: Ball
1-0: Ball
2-0: Fly out, F8 (Flyball, 8RM)
Top of the 1st over - 3 runs, 3 hits, 0 errors, 0 left on base; Tulsa HS 3 - Overland Park HS 0
BOTTOM OF THE 1ST
Overland Park HS Triplets batting - Pitching for Tulsa HS As : RHP Floyd Walton
Pitching: RHP Floyd Walton
Batting: LHB Esteban Pérez 0-0: Ball
1-0: Swinging Strike
1-1: Ball
2-1: Reached on error, E3 (Groundball, 34)
Batting: LHB José Mendoza 0-0: Called Strike
0-1: Called Strike
0-2: Ball
1-2: Fielders Choice at 2nd, 3-6 (Groundball, 34)
Batting: RHB Emery Cooper 0-0: Called Strike
0-1: DOUBLE (Flyball, 89D)
José Mendoza to third
Batting: RHB Alex Moran 0-0: Called Strike
0-1: Fly out, F3 (Popup, 34)
Batting: RHB Pablo Quintanilla 0-0: Ball
1-0: Ball
2-0: Ball
3-0: Called Strike
3-1: DOUBLE (Flyball, 89D)
José Mendoza scores
Emery Cooper scores
Batting: RHB Eddie Stanton 0-0: Ball
1-0: DOUBLE (Line Drive, 7LM)
Pablo Quintanilla scores
Batting: RHB Al Kelly 0-0: Ball
1-0: Ball
2-0: SINGLE (Groundball, 5S) (infield hit)
Eddie Stanton to third
Batting: SHB John Hansen 0-0: Called Strike
0-1: Ball
1-1: Reached on error, E8 (Line Drive, 8LD)
Eddie Stanton scores
Al Kelly to third
Batting: RHB Paco Tapia 0-0: Ball
1-0: Ground out 5-3 (Groundball, 56S)
Bottom of the 1st over - 4 runs, 4 hits, 2 errors, 2 left on base; Tulsa HS 3 - Overland Park HS 4
TOP OF THE 2ND
Tulsa HS As batting - Pitching for Overland Park HS Triplets : LHP Geoff Weber
Batting: RHB Ricky Thomas 0-0: Called Strike
0-1: Foul Ball, location: 2F
0-2: Ball
1-2: Foul Ball, location: 2F
1-2: Strikes out looking
Batting: LHB Chris Smith 0-0: Called Strike
0-1: Foul Ball, location: 2F
0-2: Ball
1-2: SINGLE (Groundball, 56D)
Batting: RHB Jason Becker 0-0: Called Strike
0-1: Foul Ball, location: 2F
0-2: Strikes out looking
Batting: LHB Matt Clark 0-0: Swinging Strike
0-1: Ball
1-1: Ground out U3 (Groundball, 3S)
Top of the 2nd over - 0 runs, 1 hit, 0 errors, 1 left on base; Tulsa HS 3 - Overland Park HS 4
BOTTOM OF THE 2ND
Overland Park HS Triplets batting - Pitching for Tulsa HS As : RHP Floyd Walton
Batting: LHB Esteban Pérez 0-0: Ground out 5-3 (Groundball, 56)
Batting: LHB José Mendoza 0-0: Called Strike
0-1: Swinging Strike
0-2: Strikes out looking
Batting: RHB Emery Cooper 0-0: Ball
1-0: Ball
2-0: Foul Ball, location: 2F
2-1: Ball
3-1: Foul Ball, location: 2F
3-2: Base on Balls
Batting: RHB Alex Moran 0-0: Called Strike
0-1: Ball
1-1: SINGLE (Line Drive, 6M)
Emery Cooper to second
Batting: RHB Pablo Quintanilla 0-0: Ball
1-0: SINGLE (Line Drive, 6MD)
Emery Cooper to third
Alex Moran to second
Runner from 3rd tries for Home, SAFE, throw made home
Batting: RHB Eddie Stanton 0-0: Ball
1-0: Swinging Strike
1-1: Ball
2-1: Fielders Choice at 2nd, U4 (Groundball, 4M)
Bottom of the 2nd over - 1 run, 2 hits, 0 errors, 2 left on base; Tulsa HS 3 - Overland Park HS 5
TOP OF THE 3RD
Tulsa HS As batting - Pitching for Overland Park HS Triplets : LHP Geoff Weber
Batting: LHB Mark Wheeler 0-0: Called Strike
0-1: Ground out 1-3 (Groundball, 15)
Batting: RHB Grant Kelly 0-0: Called Strike
0-1: Ball
1-1: Hit by Pitch
Batting: RHB Ralph Young 0-0: Swinging Strike
0-1: Ball
1-1: Ball
2-1: Ball
3-1: Called Strike
3-2: DOUBLE (Line Drive, 89XD)
Grant Kelly to third
Runner from 3rd tries for Home, SAFE, no throw
Batting: SHB José Hernández 0-0: Ball
1-0: Ball
2-0: Ball
3-0: Called Strike
3-1: Called Strike
3-2: 2-RUN HOME RUN (Flyball, 7LD), Distance : 333 ft
Batting: LHB Dave Leclair 0-0: Ball
1-0: Ball
2-0: Foul Ball, location: 2F
2-1: Ball
3-1: Swinging Strike
3-2: SINGLE (Groundball, 34D)
Batting: RHB Ricky Thomas 0-0: Called Strike
0-1: Swinging Strike
0-2: Foul Ball, location: 2F
0-2: Ball
1-2: Strikes out looking
Batting: LHB Chris Smith 0-0: Foul Ball, location: 2F
0-1: Called Strike
0-2: Strikes out swinging
Top of the 3rd over - 3 runs, 3 hits, 0 errors, 1 left on base; Tulsa HS 6 - Overland Park HS 5
BOTTOM OF THE 3RD
Overland Park HS Triplets batting - Pitching for Tulsa HS As : RHP Floyd Walton
Batting: RHB Al Kelly 0-0: Ground out 1-3 (Groundball, P)
Batting: SHB John Hansen 0-0: Called Strike
0-1: Ball
1-1: Swinging Strike
1-2: Strikes out swinging
Batting: RHB Paco Tapia 0-0: Called Strike
0-1: Ball
1-1: Ball
2-1: Swinging Strike
2-2: Foul Ball, location: 2F
2-2: Foul Ball, location: 2F
2-2: Ball
3-2: Base on Balls
Batting: LHB Esteban Pérez 0-0: Ball
1-0: Foul Ball, location: 2F
1-1: Ball
Paco Tapia steals 2nd base
2-1: Foul Ball, location: 2F
2-2: Strikes out swinging
Bottom of the 3rd over - 0 runs, 0 hits, 0 errors, 1 left on base; Tulsa HS 6 - Overland Park HS 5
TOP OF THE 4TH
Tulsa HS As batting - Pitching for Overland Park HS Triplets : LHP Geoff Weber
Batting: RHB Jason Becker 0-0: Foul Ball, location: 2F
0-1: Ball
1-1: Ball
2-1: Ball
3-1: Foul Ball, location: 2F
3-2: Fly out, F7 (Flyball, 7)
Batting: LHB Matt Clark 0-0: Swinging Strike
0-1: Foul Ball, location: 2F
0-2: Ball
1-2: Strikes out swinging
Batting: LHB Mark Wheeler 0-0: Ball
1-0: DOUBLE (Flyball, 89D)
Pitching: LHP Jim Tate
Batting: RHB Grant Kelly 0-0: Foul Ball, location: 2F
0-1: Foul Ball, location: 2F
0-2: Ball
1-2: Ball
2-2: TRIPLE (Line Drive, 9LD)
Mark Wheeler scores
Batting: RHB Ralph Young 0-0: Ball
1-0: Called Strike
1-1: Ball
2-1: Foul Ball, location: 2F
2-2: Foul Ball, location: 2F
2-2: Ball
3-2: Base on Balls
Batting: SHB José Hernández 0-0: Ball
1-0: Called Strike
1-1: Foul Ball, location: 2F
1-2: Strikes out swinging
Top of the 4th over - 1 run, 2 hits, 0 errors, 2 left on base; Tulsa HS 7 - Overland Park HS 5
BOTTOM OF THE 4TH
Overland Park HS Triplets batting - Pitching for Tulsa HS As : RHP Floyd Walton
Batting: LHB José Mendoza 0-0: Foul Ball, location: 2F
0-1: Ground out 6-3 (Groundball, 6)
Batting: RHB Emery Cooper 0-0: Foul Ball, location: 2F
0-1: Swinging Strike
0-2: Ball
1-2: Ball
2-2: Foul Ball, location: 2F
2-2: Foul Ball, location: 2F
2-2: Foul Ball, location: 2F
2-2: SINGLE (Flyball, 78M)
Batting: RHB Alex Moran 0-0: Foul Ball, location: 2F
0-1: Swinging Strike
0-2: Fly out, F9 (Flyball, 9)
Batting: RHB Pablo Quintanilla 0-0: Foul Ball, location: 2F
0-1: Swinging Strike
0-2: SINGLE (Groundball, 56D)
Emery Cooper to second
Pitching: RHP Benoît Coulombe
Batting: RHB Eddie Stanton 0-0: Called Strike
0-1: Ball
1-1: Foul Ball, location: 2F
1-2: Strikes out looking
Bottom of the 4th over - 0 runs, 2 hits, 0 errors, 2 left on base; Tulsa HS 7 - Overland Park HS 5
TOP OF THE 5TH
Tulsa HS As batting - Pitching for Overland Park HS Triplets : LHP Jim Tate
Batting: LHB Dave Leclair 0-0: Ball
1-0: SINGLE (Line Drive, 6D)
Batting: RHB Ricky Thomas 0-0: Hit by Pitch
Dave Leclair to second
Batting: LHB Chris Smith 0-0: Ball
1-0: Ground out U3 (Groundball, 2R)
Dave Leclair to third
Ricky Thomas to second
Batting: RHB Jason Becker 0-0: Ball
1-0: Called Strike
1-1: Fly out, F7 (Flyball, 7S)
Batting: LHB Matt Clark 0-0: Foul Ball, location: 2F
0-1: Foul Ball, location: 2F
0-2: Ball
1-2: Ball
2-2: Strikes out swinging
Top of the 5th over - 0 runs, 1 hit, 0 errors, 2 left on base; Tulsa HS 7 - Overland Park HS 5
BOTTOM OF THE 5TH
Overland Park HS Triplets batting - Pitching for Tulsa HS As : RHP Benoît Coulombe
Batting: RHB Al Kelly 0-0: Foul Ball, location: 2F
0-1: Ball
1-1: Ball
2-1: Ball
3-1: SINGLE (Groundball, 34D)
Batting: SHB John Hansen 0-0: Fly out, F4 (Flyball, 3D)
Batting: RHB Paco Tapia 0-0: Fielders Choice at 2nd, 6-4 (Groundball, 56)
Batting: LHB Esteban Pérez 0-0: Ball
1-0: Ball
2-0: Ball
3-0: Base on Balls
Paco Tapia to second
Batting: LHB José Mendoza 0-0: Fly out, F8 (Line Drive, 8LD)
Bottom of the 5th over - 0 runs, 1 hit, 0 errors, 2 left on base; Tulsa HS 7 - Overland Park HS 5
TOP OF THE 6TH
Tulsa HS As batting - Pitching for Overland Park HS Triplets : LHP Jim Tate
Batting: LHB Mark Wheeler 0-0: Called Strike
0-1: Swinging Strike
0-2: Foul Ball, location: 2F
0-2: Ball
1-2: Ball
2-2: Ball
3-2: Base on Balls
Batting: RHB Grant Kelly 0-0: Ball
1-0: Called Strike
1-1: Ball
2-1: Ball
3-1: Fly out, F4 (Flyball, 34D)
Batting: RHB Ralph Young 0-0: Called Strike
0-1: Called Strike
0-2: Ball
1-2: Ball
2-2: Fly out, F9 (Flyball, 9D)
Batting: SHB José Hernández 0-0: Ball
1-0: Ball
2-0: Called Strike
2-1: Swinging Strike
2-2: Ball
3-2: Base on Balls
Mark Wheeler to second
Batting: LHB Dave Leclair 0-0: Ball
1-0: Ball
2-0: Ball
3-0: Base on Balls
Mark Wheeler to third
José Hernández to second
Pitching: RHP Sean Kidd
Batting: RHB Ricky Thomas 0-0: Ball
1-0: Ball
2-0: Foul Ball, location: 2F
2-1: Ball
3-1: Foul Ball, location: 2F
3-2: Foul Ball, location: 2F
3-2: SINGLE (Line Drive, 89M)
Mark Wheeler scores
José Hernández to third
Dave Leclair to second
José Hernández scores
Dave Leclair to third
Batting: LHB Chris Smith 0-0: Called Strike
0-1: Single, Error in OF, E7, batter to second base
Dave Leclair scores
Ricky Thomas to third
Batting: RHB Jason Becker 0-0: SINGLE (Line Drive, 5L)
Ricky Thomas scores
Chris Smith to third
Runner from 3rd tries for Home, SAFE, throw made home
Batting: LHB Matt Clark 0-0: Foul Ball, location: 2F
0-1: Foul Ball, location: 2F
0-2: Foul Ball, location: 2F
0-2: Ball
1-2: Fly out, F7 (Flyball, 7LSF)
Top of the 6th over - 5 runs, 3 hits, 1 error, 1 left on base; Tulsa HS 12 - Overland Park HS 5
BOTTOM OF THE 6TH
Overland Park HS Triplets batting - Pitching for Tulsa HS As : RHP Benoît Coulombe
Batting: RHB Emery Cooper 0-0: Ball
1-0: Swinging Strike
1-1: Ball
2-1: Swinging Strike
2-2: Strikes out looking
Batting: RHB Alex Moran 0-0: Ball
1-0: SINGLE (Groundball, 4MD)
Batting: RHB Pablo Quintanilla 0-0: Called Strike
0-1: Ball
1-1: Called Strike
1-2: Foul Ball, location: 2F
1-2: Strikes out swinging
Batting: RHB Eddie Stanton 0-0: Foul Ball, location: 2F
0-1: Ball
1-1: Swinging Strike
Passed Ball!
Alex Moran to second
1-2: Ball
2-2: Ball
3-2: Foul Ball, location: 2F
3-2: Strikes out swinging
Bottom of the 6th over - 0 runs, 1 hit, 0 errors, 1 left on base; Tulsa HS 12 - Overland Park HS 5
TOP OF THE 7TH
Tulsa HS As batting - Pitching for Overland Park HS Triplets : RHP Sean Kidd
Batting: LHB Mark Wheeler 0-0: Fly out, F9 (Flyball, 9S)
Batting: RHB Grant Kelly 0-0: Ball
1-0: Called Strike
1-1: SINGLE (Line Drive, 4MD)
Batting: RHB Ralph Young 0-0: Called Strike
0-1: Foul Ball, location: 2F
0-2: Foul Ball, location: 2F
0-2: Ball
1-2: Ball
2-2: Foul Ball, location: 2F
2-2: Ball
3-2: Foul Ball, location: 2F
3-2: Ground out 6-3 (Groundball, 6)
Grant Kelly to second
Batting: SHB José Hernández 0-0: Ball
1-0: Ball
2-0: Ball
3-0: Foul Ball, location: 2F
3-1: Swinging Strike
3-2: Base on Balls
Batting: LHB Dave Leclair 0-0: Ball
1-0: Fly out, F9 (Flyball, 9)
Top of the 7th over - 0 runs, 1 hit, 0 errors, 2 left on base; Tulsa HS 12 - Overland Park HS 5
BOTTOM OF THE 7TH
Overland Park HS Triplets batting - Pitching for Tulsa HS As : RHP Benoît Coulombe
Batting: RHB Al Kelly 0-0: DOUBLE (Line Drive, 89M)
Batting: SHB John Hansen 0-0: Ball
1-0: Ball
2-0: Foul Ball, location: 2F
2-1: Called Strike
2-2: Ball
3-2: Strikes out swinging
Batting: RHB Paco Tapia 0-0: Swinging Strike
0-1: Ball
1-1: SINGLE (Line Drive, 78S)
Al Kelly to third
Runner from 3rd tries for Home, SAFE, throw made home
Batting: LHB Esteban Pérez 0-0: Called Strike
0-1: Ball
1-1: Called Strike
1-2: Strikes out swinging
Batting: LHB José Mendoza 0-0: Ball
1-0: Foul Ball, location: 2F
1-1: Foul Ball, location: 2F
1-2: Ball
2-2: Foul Ball, location: 2F
2-2: Fly out, F8 (Flyball, 8LS)
Bottom of the 7th over - 1 run, 2 hits, 0 errors, 1 left on base; Tulsa HS 12 - Overland Park HS 6
TOP OF THE 8TH
Tulsa HS As batting - Pitching for Overland Park HS Triplets : RHP Sean Kidd
Batting: RHB Ricky Thomas 0-0: Ball
1-0: Ball
2-0: Called Strike
2-1: Ball
3-1: Base on Balls
Batting: LHB Chris Smith 0-0: Ball
1-0: Ball
2-0: Ball
3-0: Called Strike
3-1: Base on Balls
Ricky Thomas to second
Batting: RHB Jason Becker 0-0: Called Strike
0-1: Ball
1-1: Ball
2-1: 3-RUN HOME RUN (Flyball, 9D), Distance : 380 ft
Batting: LHB Matt Clark 0-0: Called Strike
0-1: Ball
1-1: Called Strike
1-2: Strikes out swinging
Batting: LHB Mark Wheeler 0-0: Called Strike
0-1: Ball
1-1: SOLO HOME RUN (Line Drive, 9D), Distance : 381 ft
Batting: RHB Grant Kelly 0-0: Called Strike
0-1: Ball
1-1: Ball
2-1: Swinging Strike
2-2: Ground out 4-3 (Groundball, 4)
Batting: RHB Ralph Young 0-0: Ball
1-0: Foul Ball, location: 2F
1-1: Foul Ball, location: 2F
1-2: Foul Ball, location: 2F
1-2: SINGLE (Flyball, 8LS)
Pinch Hitting: RHB C.J. Pinnock 0-0: Foul Ball, location: 2F
0-1: Swinging Strike
0-2: Strikes out swinging
Top of the 8th over - 4 runs, 3 hits, 0 errors, 1 left on base; Tulsa HS 16 - Overland Park HS 6
BOTTOM OF THE 8TH
Overland Park HS Triplets batting - Pitching for Tulsa HS As : RHP Benoît Coulombe
Now at 2B: Raúl García
Batting: RHB Emery Cooper 0-0: Ball
1-0: Ball
2-0: Ground out 5-3 (Groundball, 56)
Batting: RHB Alex Moran 0-0: Ball
1-0: Ball
2-0: Ball
3-0: Called Strike
3-1: Base on Balls
Pitching: RHP Mark Curry
Batting: RHB Pablo Quintanilla 0-0: Ball
1-0: Ball
2-0: Ball
3-0: Base on Balls
Alex Moran to second
Batting: RHB Eddie Stanton 0-0: Called Strike
0-1: Called Strike
0-2: Grounds into double play, 6-4-3 (Groundball, 6)
Bottom of the 8th over - 0 runs, 0 hits, 0 errors, 1 left on base; Tulsa HS 16 - Overland Park HS 6
TOP OF THE 9TH
Tulsa HS As batting - Pitching for Overland Park HS Triplets : RHP Sean Kidd
Pitching: RHP Richard Jones
Batting: LHB Dave Leclair 0-0: Called Strike
0-1: Called Strike
0-2: SINGLE (Groundball, 4) (infield hit)
Batting: RHB Ricky Thomas 0-0: Ball
1-0: Ball
2-0: Called Strike
2-1: SINGLE (Line Drive, 78M)
Dave Leclair to second
Batting: LHB Chris Smith 0-0: Swinging Strike
0-1: Ball
1-1: Ball
2-1: Ball
3-1: Swinging Strike
3-2: Foul Ball, location: 2F
3-2: Grounds into double play, 5-4-3 (Groundball, 56)
Dave Leclair to third
Batting: RHB Jason Becker 0-0: Called Strike
0-1: Ball
1-1: SINGLE (Groundball, 4MD)
Dave Leclair scores
Batting: LHB Matt Clark 0-0: Foul Ball, location: 2F
0-1: Fielders Choice at 2nd, 6-4 (Groundball, 6)
Top of the 9th over - 1 run, 3 hits, 0 errors, 1 left on base; Tulsa HS 17 - Overland Park HS 6
BOTTOM OF THE 9TH
Overland Park HS Triplets batting - Pitching for Tulsa HS As : RHP Mark Curry
Batting: RHB Al Kelly 0-0: Called Strike
0-1: Ball
1-1: Called Strike
1-2: Foul Ball, location: 2F
1-2: Ball
2-2: Ball
3-2: Base on Balls
Batting: SHB John Hansen 0-0: Foul Ball, location: 2F
0-1: Foul Ball, location: 2F
0-2: Ball
1-2: SINGLE (Groundball, 56D)
Al Kelly to second
Batting: RHB Paco Tapia 0-0: Swinging Strike
0-1: Called Strike
0-2: Foul Ball, location: 2F
0-2: Strikes out swinging
Batting: LHB Esteban Pérez 0-0: Ball
1-0: Ball
2-0: Fly out, F8 (Flyball, 8RD)
Batting: LHB José Mendoza 0-0: Called Strike
0-1: Swinging Strike
0-2: Strikes out swinging
Bottom of the 9th over - 0 runs, 1 hit, 0 errors, 2 left on base; Tulsa HS 17 - Overland Park HS 6
Saturday, December 16th, 2017 - OOTP Baseball 18.8 Build 76